General information
- name: BNet
- type: Ladder team game (AT/RT)
- host: Battle.net
- saver: dontfukwme
map: GolemsInTheMist
- players: 8
- length: 26:51
- speed: Fast
- version: 1.27 W3XP
- replay type: Public
» download(192 KB)
Players
team 1 (loser)
MONOCROMATICO (
orange | 84 APM | 1610 actions | 19:13)
5 Death Knight
3 Death Coil
1 Unholy Aura
1 Death Pact
3 Lich
2 Frost Nova
1 Frost Armor
» actions
| Assign group hotkey | 20 | |
| Basic commands | 27 | |
| Build / train | 52 | |
| ESC pressed | 1 | |
| Enter build submenu | 17 | |
| Enter hero's abilities submenu | 9 | |
| Give item / drop item | 3 | |
| Right click | 626 | |
| Select / deselect | 354 | |
| Select group hotkey | 449 | |
| Use ability | 51 | |
1610 total
» units
| Acolyte | 9 | |
| Ghoul | 2 | |
| Crypt Fiend | 12 | |
| Frost Wyrm | 4 | |
27 total
» upgrades
| Creature Attack | 2 | |
| Creature Carapace | 2 | |
| Web | 1 | |
5 total
» buildings
| Graveyard | 1 | |
| Crypt | 1 | |
| Altar of Darkness | 1 | |
| Ziggurat | 10 | |
| Tomb of Relics | 1 | |
| Halls of the Dead | 1 | |
| Nerubian Tower | 1 | |
| Black Citadel | 1 | |
| Sacrificial Pit | 1 | |
| Boneyard | 1 | |
19 total
» build order
00:06 Graveyard
00:08 Crypt
00:43 Altar of Darkness
00:52 Ziggurat
01:10 Tomb of Relics
01:51 Ziggurat
03:48 Ziggurat
04:23 Halls of the Dead
04:54 Ziggurat
08:18 Nerubian Tower
11:41 Black Citadel
11:45 Sacrificial Pit
12:14 Ziggurat
12:15 Ziggurat
12:16 Ziggurat
12:19 Ziggurat
13:53 Ziggurat
14:11 Boneyard
19:08 Ziggurat
» items
| Rod of Necromancy | 1 | |
| Scroll of Town Portal | 2 | |
| Potion of Mana | 1 | |
| Potion of Healing | 2 | |
6 total
Starwolf (
purple | 158 APM | 4232 actions | 26:46)
5 Warden
3 Shadow Strike
2 Blink
1 Dreadlord
1 Vampiric Aura
1 Lich
1 Dark Ritual
» actions
| Assign group hotkey | 23 | |
| Basic commands | 3 | |
| Build / train | 92 | |
| ESC pressed | 8 | |
| Enter build submenu | 19 | |
| Enter hero's abilities submenu | 8 | |
| Give item / drop item | 2 | |
| Right click | 1906 | |
| Select / deselect | 787 | |
| Select group hotkey | 1295 | |
| Use ability | 89 | |
4232 total
» units
| Wisp | 18 | |
| Archer | 27 | |
| Hippogryph | 15 | |
| Glaive Thrower | 2 | |
| Huntress | 2 | |
64 total
» upgrades
| Strength of the Moon | 2 | |
| Hippogryph Taming | 1 | |
| Moon Armor | 2 | |
5 total
» buildings
| Altar of Elders | 2 | |
| Moon Well | 6 | |
| Ancient of War | 1 | |
| Tree of Ages | 5 | |
| Hunter's Hall | 1 | |
| Ancient of Wind | 4 | |
| Ancient Protector | 2 | |
| Tree of Eternity | 4 | |
| Tree of Life | 1 | |
26 total
» build order
00:07 Altar of Elders
00:18 Moon Well
00:39 Ancient of War
01:25 Moon Well
02:43 Tree of Ages
03:13 Moon Well
03:45 Hunter's Hall
05:05 Ancient of Wind
05:07 Ancient of Wind
05:18 Moon Well
07:14 Ancient Protector
08:54 Ancient Protector
10:04 Tree of Eternity
10:04 Tree of Eternity
10:06 Moon Well
11:57 Moon Well
12:36 Tree of Life
12:58 Altar of Elders
17:10 Tree of Ages
17:10 Tree of Ages
21:23 Ancient of Wind
21:28 Ancient of Wind
22:52 Tree of Eternity
» items
silverstein (
green | 30 APM | 795 actions | 26:40)
7 Blood Mage
3 Flame Strike
3 Siphon Mana
1 Summon Phoenix
1 Lich
1 Frost Nova
» actions
| Build / train | 79 | |
| Enter build submenu | 20 | |
| Enter hero's abilities submenu | 8 | |
| Give item / drop item | 1 | |
| Right click | 269 | |
| Select / deselect | 362 | |
| Use ability | 56 | |
795 total
» units
| Peasant | 14 | |
| Footman | 7 | |
| Goblin Zeppelin | 1 | |
| Priest | 4 | |
| Sorceress | 5 | |
| Knight | 13 | |
| Spell Breaker | 2 | |
| Rifleman | 3 | |
49 total
» upgrades
| Plating | 3 | |
| Swords | 3 | |
| Lumber Harvesting | 2 | |
| Animal War Training | 1 | |
| Control Magic | 1 | |
| Masonry | 3 | |
13 total
» buildings
| Altar of Kings | 1 | |
| Farm | 11 | |
| Barracks | 2 | |
| Lumber Mill | 1 | |
| Arcane Vault | 1 | |
| Keep | 1 | |
| Blacksmith | 1 | |
| Castle | 2 | |
| Arcane Sanctum | 2 | |
| Town Hall | 1 | |
| Nerubian Tower | 1 | |
24 total
» build order
00:23 Altar of Kings
00:38 Farm
01:09 Barracks
01:20 Farm
01:34 Lumber Mill
02:08 Barracks
02:21 Arcane Vault
02:28 Farm
03:10 Farm
03:44 Keep
04:09 Blacksmith
04:13 Farm
04:52 Farm
06:05 Castle
06:05 Castle
06:09 Arcane Sanctum
06:13 Arcane Sanctum
09:08 Town Hall
11:16 Farm
11:55 Farm
12:54 Farm
13:47 Farm
15:53 Farm
25:18 Nerubian Tower
» items
| Scroll of Town Portal | 1 | |
| Potion of Healing | 1 | |
| Potion of Mana | 1 | |
3 total
alwaysTHlSGUY (
teal | 41 APM | 997 actions | 24:33)
4 Priestess of the Moon
2 Trueshot Aura
2 Searing Arrows
4 Warden
2 Shadow Strike
2 Fan of Knives
» actions
| Assign group hotkey | 17 | |
| Basic commands | 53 | |
| Build / train | 124 | |
| ESC pressed | 1 | |
| Enter build submenu | 23 | |
| Enter hero's abilities submenu | 8 | |
| Right click | 322 | |
| Select / deselect | 226 | |
| Select group hotkey | 153 | |
| Use ability | 70 | |
997 total
» units
» upgrades
| Abolish Magic | 1 | |
| Strength of the Wild | 3 | |
| Reinforced Hides | 2 | |
| Nature's Blessing | 1 | |
| Ultravision | 1 | |
| Well Spring | 1 | |
9 total
» buildings
| Moon Well | 15 | |
| Altar of Elders | 2 | |
| Ancient of Wonders | 2 | |
| Ancient of War | 2 | |
| Hunter's Hall | 3 | |
| Tree of Ages | 2 | |
| Tree of Life | 2 | |
| Tree of Eternity | 1 | |
| Ancient of Lore | 2 | |
| Ancient Protector | 15 | |
46 total
» build order
00:13 Moon Well
00:40 Altar of Elders
00:47 Ancient of Wonders
01:15 Ancient of War
01:49 Ancient of War
02:09 Moon Well
02:10 Moon Well
03:03 Hunter's Hall
04:21 Tree of Ages
05:23 Tree of Life
05:34 Hunter's Hall
06:45 Tree of Eternity
07:30 Ancient of Lore
07:31 Ancient of Lore
08:37 Ancient of Wonders
10:07 Moon Well
10:09 Moon Well
10:10 Moon Well
10:11 Moon Well
10:12 Moon Well
10:54 Hunter's Hall
11:41 Tree of Ages
11:46 Ancient Protector
11:47 Ancient Protector
11:50 Ancient Protector
13:06 Ancient Protector
13:07 Ancient Protector
13:13 Ancient Protector
13:51 Ancient Protector
14:08 Ancient Protector
16:04 Ancient Protector
16:06 Ancient Protector
17:06 Ancient Protector
17:07 Ancient Protector
17:09 Ancient Protector
17:12 Ancient Protector
17:14 Ancient Protector
21:59 Moon Well
22:00 Moon Well
22:01 Moon Well
22:03 Moon Well
22:04 Moon Well
22:05 Moon Well
22:07 Moon Well
23:04 Altar of Elders
23:27 Tree of Life
» items
| Dust of Appearance | 1 | |
| Mechanical Critter | 2 | |
| Potion of Healing | 3 | |
| Orb of Venom | 1 | |
| Scroll of Town Portal | 1 | |
| Rod of Necromancy | 1 | |
| Orb of Corruption | 5 | |
14 total
team 2 (winner)

»
crzy4halo (
yellow | 59 APM | 1586 actions | 26:46)
6 Tauren Chieftain
3 Endurance Aura
2 War Stomp
1 Reincarnation
5 Shadow Hunter
3 Healing Wave
2 Hex
1 Blademaster
1 Wind Walk
» actions
| Assign group hotkey | 37 | |
| Basic commands | 3 | |
| Build / train | 85 | |
| Enter build submenu | 20 | |
| Enter hero's abilities submenu | 12 | |
| Give item / drop item | 3 | |
| Right click | 617 | |
| Select / deselect | 195 | |
| Select group hotkey | 530 | |
| Use ability | 84 | |
1586 total
» units
| Peon | 15 | |
| Grunt | 1 | |
| Troll Headhunter/Berserker | 24 | |
| Shaman | 7 | |
47 total
» upgrades
| Ranged Weapons | 2 | |
| Armor | 2 | |
| Troll Regeneration | 1 | |
| Shaman Training | 3 | |
| Berserker Upgrade | 1 | |
9 total
» buildings
| Altar of Storms | 2 | |
| Orc Burrow | 9 | |
| Barracks | 2 | |
| War Mill | 2 | |
| Stronghold | 1 | |
| Watch Tower | 2 | |
| Voodoo Lounge | 1 | |
| Spirit Lodge | 1 | |
| Great Hall | 1 | |
| Fortress | 4 | |
25 total
» build order
00:03 Altar of Storms
00:05 Altar of Storms
00:07 Orc Burrow
01:01 Barracks
01:35 Orc Burrow
01:56 War Mill
02:39 Orc Burrow
03:36 Stronghold
03:49 Watch Tower
04:33 Voodoo Lounge
05:22 Watch Tower
07:20 Orc Burrow
07:57 Spirit Lodge
08:42 Great Hall
09:16 Fortress
09:17 Fortress
09:17 Fortress
12:36 Orc Burrow
22:16 Orc Burrow
23:21 Orc Burrow
24:29 Barracks
24:38 Orc Burrow
26:13 Orc Burrow
26:24 War Mill
» items
| Healing Salve | 2 | |
| Lesser Clarity Potion | 1 | |
| Orb of Lightning | 2 | |
| Scroll of Town Portal | 1 | |
| Orb of Corruption | 1 | |
| Potion of Healing | 2 | |
| Potion of Mana | 1 | |
10 total
dontfukwme (
pink | 43 APM | 1163 actions | 26:51)
4 Blood Mage
2 Flame Strike
2 Banish
1 Shadow Hunter
1 Healing Wave
1 Blademaster
1 Bladestorm
» actions
| Assign group hotkey | 22 | |
| Basic commands | 19 | |
| Build / train | 70 | |
| Enter build submenu | 26 | |
| Enter hero's abilities submenu | 8 | |
| Right click | 480 | |
| Select / deselect | 326 | |
| Select group hotkey | 108 | |
| Use ability | 104 | |
1163 total
» units
| Peasant | 12 | |
| Mortar Team | 5 | |
| Siege Engine | 6 | |
| Goblin Shredder | 2 | |
| Shaman | 3 | |
| Tauren | 2 | |
30 total
» upgrades
| Gunpowder | 3 | |
| Armor | 2 | |
| Masonry | 2 | |
| Flare | 1 | |
| Fragmentation Shards | 1 | |
| Barrage | 1 | |
| Plating | 1 | |
11 total
» buildings
| Lumber Mill | 2 | |
| Farm | 11 | |
| Altar of Kings | 1 | |
| Blacksmith | 1 | |
| Scout Tower | 2 | |
| Arcane Tower | 2 | |
| Guard Tower | 2 | |
| Keep | 3 | |
| Castle | 2 | |
| Workshop | 4 | |
| Orc Burrow | 1 | |
| Great Hall | 1 | |
| Town Hall | 1 | |
33 total
» build order
00:30 Lumber Mill
00:53 Lumber Mill
01:43 Farm
01:44 Altar of Kings
01:53 Blacksmith
01:57 Scout Tower
02:04 Scout Tower
02:24 Farm
02:25 Arcane Tower
02:25 Arcane Tower
02:37 Guard Tower
02:38 Guard Tower
04:17 Keep
04:17 Keep
04:17 Keep
07:24 Castle
07:25 Castle
07:29 Workshop
07:32 Workshop
07:35 Workshop
07:39 Workshop
07:43 Farm
07:44 Farm
07:46 Farm
07:48 Farm
08:25 Farm
08:28 Farm
13:18 Farm
15:32 Farm
17:13 Farm
24:21 Orc Burrow
26:39 Great Hall
26:45 Town Hall
» items
| Lesser Clarity Potion | 2 | |
| Scroll of Speed | 4 | |
| Scroll of Town Portal | 3 | |
| Potion of Healing | 2 | |
| Tiny Great Hall | 1 | |
12 total
omw2fyobitsh (
blue | 91 APM | 1848 actions | 20:17)
4 Blademaster
2 Critical Strike
2 Wind Walk
2 Shadow Hunter
1 Hex
1 Healing Wave
» actions
| Assign group hotkey | 29 | |
| Basic commands | 4 | |
| Build / train | 69 | |
| Enter build submenu | 20 | |
| Enter hero's abilities submenu | 7 | |
| Give item / drop item | 5 | |
| Right click | 706 | |
| Select / deselect | 248 | |
| Select group hotkey | 678 | |
| Use ability | 82 | |
1848 total
» units
| Peon | 8 | |
| Grunt | 3 | |
| Goblin Shredder | 1 | |
| Kodo Beast | 4 | |
| Troll Witch Doctor | 16 | |
| Tauren | 4 | |
36 total
» upgrades
| Witch Doctor Training | 2 | |
| War Drums Damage Increase | 1 | |
| Backpack | 1 | |
| Pulverize | 1 | |
5 total
» buildings
| Altar of Storms | 1 | |
| Orc Burrow | 6 | |
| Barracks | 1 | |
| Voodoo Lounge | 4 | |
| Stronghold | 1 | |
| War Mill | 1 | |
| Great Hall | 1 | |
| Spirit Lodge | 2 | |
| Beastiary | 1 | |
| Fortress | 1 | |
| Tauren Totem | 2 | |
21 total
» build order
00:05 Altar of Storms
00:25 Orc Burrow
01:01 Barracks
01:31 Voodoo Lounge
01:39 Orc Burrow
03:18 Stronghold
03:58 War Mill
05:03 Orc Burrow
06:08 Great Hall
07:13 Spirit Lodge
07:17 Beastiary
07:46 Orc Burrow
08:28 Orc Burrow
09:35 Orc Burrow
09:37 Fortress
12:12 Voodoo Lounge
12:15 Voodoo Lounge
13:21 Voodoo Lounge
13:24 Spirit Lodge
14:35 Tauren Totem
14:38 Tauren Totem
» items
| Healing Salve | 4 | |
| Lesser Clarity Potion | 6 | |
| Scroll of Speed | 2 | |
| Potion of Healing | 1 | |
| Potion of Mana | 3 | |
| Orb of Lightning | 2 | |
18 total

»
EGReaperCrew47 (
red | 40 APM | 1067 actions | 26:46)
4 Dreadlord
2 Vampiric Aura
2 Carrion Swarm
» actions
| Build / train | 63 | |
| Enter build submenu | 22 | |
| Enter hero's abilities submenu | 4 | |
| Remove unit from queue | 2 | |
| Right click | 689 | |
| Select / deselect | 241 | |
| Use ability | 46 | |
1067 total
» units
| Acolyte | 3 | |
| Ghoul | 5 | |
| Crypt Fiend | 16 | |
| Frost Wyrm | 13 | |
37 total
» upgrades
| Creature Attack | 3 | |
| Creature Carapace | 2 | |
| Web | 1 | |
| Burrow | 1 | |
| Freezing Breath | 1 | |
8 total
» buildings
| Altar of Darkness | 1 | |
| Ziggurat | 10 | |
| Crypt | 1 | |
| Graveyard | 1 | |
| Tomb of Relics | 1 | |
| Halls of the Dead | 1 | |
| Black Citadel | 1 | |
| Nerubian Tower | 2 | |
| Spirit Tower | 5 | |
| Sacrificial Pit | 1 | |
| Boneyard | 2 | |
26 total
» build order
00:12 Altar of Darkness
00:23 Ziggurat
01:22 Crypt
01:31 Ziggurat
02:01 Ziggurat
02:47 Graveyard
03:04 Tomb of Relics
03:56 Ziggurat
04:13 Halls of the Dead
04:33 Ziggurat
07:47 Black Citadel
08:04 Ziggurat
08:48 Nerubian Tower
08:56 Nerubian Tower
09:28 Spirit Tower
09:31 Spirit Tower
10:37 Spirit Tower
10:47 Sacrificial Pit
11:01 Ziggurat
11:06 Ziggurat
11:56 Boneyard
12:01 Boneyard
12:06 Ziggurat
12:08 Ziggurat
12:16 Spirit Tower
13:27 Spirit Tower
» items
Chat log
(00:11 / Allies) crzy4halo: hey
(00:29 / Allies) crzy4halo: word
(00:31 / Allies) EGReaperCrew47: whats good
(00:34 / Allies) EGReaperCrew47: units?>
(00:40 / Allies) crzy4halo: tauren shammy
(00:40 / Allies) omw2fyobitsh: human wanna go mass tanks?
(00:43 / Allies) omw2fyobitsh: for anti air?
(00:44 / Allies) dontfukwme: fast mort
(00:46 / Allies) omw2fyobitsh: tauren docs
(00:50 / Allies) omw2fyobitsh: we need anti air
(00:55 / Allies) crzy4halo: ill go zerkers
(00:56 / Allies) crzy4halo: shammy
(01:02 / Allies) EGReaperCrew47: i can go fiends and gargs
(01:03 / Allies) omw2fyobitsh: kk
(01:05 / Allies) EGReaperCrew47: if u wany
(01:08 / Allies) dontfukwme: why dont u guys just mass bats
(01:09 / Allies) omw2fyobitsh: wanna harass with me yellow?
(01:15 / Allies) crzy4halo: im goin tc
(01:17 / Allies) EGReaperCrew47: you tell me what u want me to doo
(01:19 / Allies) dontfukwme: and lets do a giant base race
(01:20 / Allies) omw2fyobitsh: kk
(01:37 / Allies) dontfukwme: red just mass fiend
(01:43 / Allies) EGReaperCrew47: ok
(01:43 / Allies) omw2fyobitsh: fiends frosties
(01:46 / Allies) EGReaperCrew47: easy enough
(02:04 / Allies) omw2fyobitsh: problem is if they are webbed bats cant hit them
(02:19 / Allies) EGReaperCrew47: gargs
(02:20 / Allies) EGReaperCrew47: ?
(02:24 / Allies) omw2fyobitsh: nooo go fiends
(02:27 / Allies) EGReaperCrew47: ok
(02:33 / Allies) omw2fyobitsh: and frosties
(02:38 / Allies) EGReaperCrew47: alright
(03:18 / Allies) crzy4halo: wow red really
(03:24 / Allies) EGReaperCrew47: lol
(03:25 / Allies) EGReaperCrew47: ik
(03:27 / Allies) crzy4halo: lol
(04:08 / Allies) dontfukwme: hey blu
(04:11 / Allies) dontfukwme: ill get u this mine
(04:21 / Allies) omw2fyobitsh: kk i can help
(04:22 / Allies) omw2fyobitsh: if u want
(04:27 / Allies) dontfukwme: its urs
(04:31 / Allies) dontfukwme: ill clear trees
(04:33 / Allies) dontfukwme: i dont need expo
(04:34 / Allies) omw2fyobitsh: kk
(05:11 / Allies) omw2fyobitsh: got a shredder
(05:16 / Allies) omw2fyobitsh: if anyone needs lumber in abit
(05:26 / Allies) omw2fyobitsh: i shud be rolling in it
(05:30 / Allies) crzy4halo: red
(05:32 / Allies) crzy4halo: when ur rdy
(05:43 / Allies) dontfukwme: ill clear for this one too
(05:46 / Allies) crzy4halo: k
(06:04 / Allies) dontfukwme: u guys can flip me a bit of gold when my shops r up hehe
(06:30 / Allies) omw2fyobitsh: be careful
(06:31 / Allies) omw2fyobitsh: omw
(06:37 / Allies) dontfukwme: b
(06:37 / Allies) dontfukwme: b
(06:38 / Allies) dontfukwme: b
(06:41 / Allies) dontfukwme: outnumbered
(06:42 / Allies) dontfukwme: back
(06:50 / Allies) dontfukwme: b
(07:18 / Allies) dontfukwme: get this mine
(07:30 / Allies) omw2fyobitsh: red
(08:04 / Allies) omw2fyobitsh: raped
(08:09 / Allies) dontfukwme: aha
(08:15 / Allies) omw2fyobitsh: took out two heroes
(08:29 / Allies) crzy4halo: wood?
(08:53 / Allies) crzy4halo: ty
(09:15 / Allies) dontfukwme: yellow creep it pls
(09:20 / Allies) crzy4halo: what
(09:31 / Allies) crzy4halo: k
(09:41 / Allies) omw2fyobitsh: anti air
(09:57 / Allies) dontfukwme: gold pls
(10:21 / All) MONOCROMATICO: nice mh
(10:54 / Allies) omw2fyobitsh: omw
(11:03 / Allies) crzy4halo: omw
(11:36 / Allies) omw2fyobitsh: rapage
(11:45 / Allies) EGReaperCrew47: push?
(11:51 / Allies) omw2fyobitsh: we need solid anti air
(11:51 / Allies) crzy4halo: expos
(11:52 / Allies) dontfukwme: u am
(11:58 / Allies) omw2fyobitsh: wait for tier 3 beserkers
(12:04 / Allies) crzy4halo: otw
(12:37 / Allies) dontfukwme: gold pls
(12:53 / Allies) dontfukwme: lil more gold?
(13:35 / All) silverstein: bring it bitcj
(14:23 / Allies) omw2fyobitsh: yep
(15:41 / Allies) omw2fyobitsh: back
(15:42 / Allies) omw2fyobitsh: anti air
(15:43 / Allies) omw2fyobitsh: omg
(15:48 / Allies) dontfukwme: gettin tank
(15:56 / Allies) dontfukwme: we may lose
(17:01 / Allies) EGReaperCrew47: wood anyone?
(17:07 / Allies) EGReaperCrew47: fuck
(17:22 / All) silverstein: leave
(17:45 / Allies) EGReaperCrew47: ne was their game changer
(18:14 / Allies) EGReaperCrew47: comming
(18:15 / Allies) dontfukwme: b and hit them
(18:16 / Allies) dontfukwme: make htem tp
(18:18 / Allies) dontfukwme: cant fight head on
(18:23 / Allies) dontfukwme: have to split htem up and make them tp red
(19:13 / Allies) dontfukwme: dont fight head on
(19:13 / Allies) omw2fyobitsh: kick him
(20:50 / Allies) dontfukwme: red
(20:52 / Allies) dontfukwme: get out of there
(20:55 / Allies) dontfukwme: leave ur base to die
(20:59 / Allies) dontfukwme: we got teal and oj
(21:06 / Allies) dontfukwme: lets make our stand at blues base
(21:15 / Allies) dontfukwme: red
(21:16 / Allies) dontfukwme: listen to me
(21:19 / Allies) dontfukwme: come to blues base
(22:43 / Allies) EGReaperCrew47: who want my resources?
(22:47 / Allies) dontfukwme: me
(22:58 / Allies) dontfukwme: ok
(23:01 / Allies) dontfukwme: lets do this soon
(23:06 / Allies) dontfukwme: stay put
(23:22 / Allies) dontfukwme: we cna wi nthis
(23:24 / Allies) dontfukwme: just play smart
(23:34 / Allies) dontfukwme: GP
(23:35 / Allies) dontfukwme: GO
(23:36 / Allies) dontfukwme: GO
(24:32 / Allies) dontfukwme: GO ON GREEN
(24:35 / Allies) dontfukwme: TEAL AND OJ DEAD
(24:57 / Allies) dontfukwme: meet
(25:03 / Allies) dontfukwme: finish green and we win
(25:08 / Allies) dontfukwme: oj cnat make shit
(25:11 / Allies) dontfukwme: teal cant make shit
(25:12 / Allies) dontfukwme: purp cnat
(25:16 / Allies) dontfukwme: hit green hard